[Event "ICCopen2017"]
[Site "Internet Chess Club"]
[Date "2017.03.26"]
[Round "1"]
[White "justlucky"]
[Black "BronStorm"]
[Result "0-1"]
[ICCResult "White resigns"]
[WhiteElo "1196"]
[BlackElo "1882"]
[Opening "Sicilian: Taimanov (Bastrikov) variation"]
[ECO "B47"]
[NIC "SI.40"]
[Time "19:01:53"]
[TimeControl "180+0"]

1. e4 c5 2. Nf3 e6 3. d4 cxd4 4. Nxd4 Nc6 5. Nc3 Qc7 6. Be2 a6 7. O-O Nf6 8.
Bg5 Be7 9. Nxc6 bxc6 10. Bf3 e5 11. Qe2 Rb8 12. b3 d6 13. Rad1 h6 14. Bh4 g5
15. Bxg5 hxg5 16. Qe3 g4 17. Be2 Nh5 18. g3 Ng7 19. f4 Ne6 20. fxe5 dxe5 21.
Qf2 Bc5 22. Nd5 cxd5 23. exd5 Bxf2+ 24. Rxf2 Nd4 25. Bc4 Nf3+ {White
resigns} 0-1

[Event "ICCopen2017"]
[Site "Internet Chess Club"]
[Date "2017.03.26"]
[Round "1"]
[White "MikeWzd"]
[Black "imabeast"]
[Result "0-1"]
[ICCResult "White resigns"]
[WhiteElo "1756"]
[BlackElo "2649"]
[Opening "Grünfeld: Russian, Alekhine (Hungarian) variation"]
[ECO "D97"]
[NIC "GI.10"]
[Time "19:02:09"]
[TimeControl "180+0"]

1. d4 Nf6 2. c4 g6 3. Nc3 d5 4. Nf3 Bg7 5. Qb3 dxc4 6. Qxc4 O-O 7. e4 a6 8.
Bf4 b5 9. Qxc7 Qxc7 10. Bxc7 Bb7 11. e5 Nd5 12. Nxd5 Bxd5 13. Be2 Nc6 14.
Bb6 f6 15. exf6 exf6 16. O-O Rfe8 17. Rfe1 Bf8 18. a4 Bb4 19. axb5 Bxe1 20.
Rxe1 axb5 21. Bxb5 Rxe1+ 22. Nxe1 Rb8 23. Bxc6 Bxc6 24. Bc5 Rxb2 25. f3 Bb5
26. f4 Bc6 27. Nf3 Kf7 28. Kf1 Bxf3 29. gxf3 Rxh2 30. Ke1 Ke6 31. Kf1 Kd5
32. Kg1 Rh4 33. Kf2 Rxf4 34. Kg3 Rxd4 {White resigns} 0-1

[Event "ICCopen2017"]
[Site "Internet Chess Club"]
[Date "2017.03.26"]
[Round "1"]
[White "Siryk"]
[Black "CapitanCentella"]
[Result "1-0"]
[ICCResult "Black resigns"]
[WhiteElo "2966"]
[BlackElo "1823"]
[Opening "QGD: exchange, positional line, 5...c6"]
[ECO "D35"]
[NIC "QO.16"]
[Time "19:02:13"]
[TimeControl "180+0"]

1. d4 d5 2. c4 e6 3. Nc3 Nf6 4. cxd5 exd5 5. Bg5 c6 6. e3 Bd6 7. Bd3 Nbd7 8.
Nge2 O-O 9. Qc2 h6 10. Bh4 Re8 11. h3 Nf8 12. O-O Be7 13. f3 N6h7 14. Bf2
Nf6 15. Rad1 a5 16. e4 dxe4 17. fxe4 N6d7 18. e5 Nb6 19. Kh1 Nd5 20. Nxd5
cxd5 21. Be3 Bg5 22. Qd2 Bxe3 23. Qxe3 Qh4 24. Rf4 Qg5 25. Rdf1 Be6 26. Qf2
Rac8 27. Rf3 Rc7 28. Nf4 Rec8 29. Rg3 Qe7 30. Nh5 Ng6 31. Bxg6 fxg6 32. Rxg6
Qe8 33. Nf6+ {Black resigns} 1-0

[Event "ICCopen2017"]
[Site "Internet Chess Club"]
[Date "2017.03.26"]
[Round "1"]
[White "ehkopean"]
[Black "Clownfish"]
[Result "0-1"]
[ICCResult "White resigns"]
[WhiteElo "1752"]
[BlackElo "2631"]
[Opening "Sicilian: Alapin's variation (2.c3)"]
[ECO "B22"]
[NIC "SI.46"]
[Time "19:02:01"]
[TimeControl "180+0"]

1. e4 c5 2. c3 Nf6 3. e5 Nd5 4. Bc4 e6 5. d4 cxd4 6. cxd4 Nc6 7. Nf3 d6 8.
O-O Be7 9. Nc3 Nxc3 10. bxc3 dxe5 11. dxe5 Qxd1 12. Rxd1 Bd7 13. Be3 b6 14.
Bd4 Nxd4 15. cxd4 O-O 16. Rab1 Rac8 17. Bd3 Bc6 18. h3 Bd5 19. Rd2 h6 20.
Ne1 Rfd8 21. f4 g6 22. Kf2 Rc7 23. Ke3 Rc3 24. g3 Rdc8 25. Rc2 Rxc2 26. Nxc2
Bxa2 27. Ra1 Bb3 28. Rxa7 Bxc2 29. Rxe7 Rc3 30. Kd2 Rxd3+ 31. Kxc2 Rxg3 32.
Rb7 Rxh3 33. Rxb6 Rf3 34. Rb1 Rxf4 35. Kd3 h5 36. Ke3 Rg4 37. Rf1 Kg7 38.
Rd1 Rg5 39. Kf4 Rf5+ 40. Ke4 g5 41. d5 Rf4+ 42. Ke3 exd5 43. Rxd5 Kg6 44.
Rd6+ Kf5 45. Rf6+ Kxe5 46. Rh6 h4 47. Rh5 f6 48. Rh8 Kf5 {White resigns} 0-1

[Event "ICCopen2017"]
[Site "Internet Chess Club"]
[Date "2017.03.26"]
[Round "1"]
[White "Monterrey"]
[Black "halski"]
[Result "0-1"]
[ICCResult "White forfeits on time"]
[WhiteElo "1624"]
[BlackElo "2411"]
[Opening "Nimzo-Indian: Reshevsky variation"]
[ECO "E46"]
[NIC "NI.10"]
[Time "19:02:13"]
[TimeControl "180+0"]

1. d4 Nf6 2. c4 e6 3. Nc3 Bb4 4. e3 O-O 5. Ne2 d5 6. a3 Be7 7. Nf4 c6 8.
cxd5 exd5 9. Bd3 Bg4 10. Qc2 Bd6 11. O-O Re8 12. Bd2 Na6 13. Rac1 Nc7 14. f3
Bd7 15. e4 c5 16. e5 cxd4 17. exf6 dxc3 18. Bxh7+ Kf8 19. fxg7+ Kxg7 20.
Bxc3+ Kh6 21. Bd2 Kg7 22. Nh5+ Kh8 {White forfeits on time} 0-1

[Event "ICCopen2017"]
[Site "Internet Chess Club"]
[Date "2017.03.26"]
[Round "1"]
[White "Palse"]
[Black "arnav311004"]
[Result "0-1"]
[ICCResult "White checkmated"]
[WhiteElo "2282"]
[BlackElo "1615"]
[Opening "Sicilian: Najdorf, Adams attack"]
[ECO "B90"]
[NIC "SI.14"]
[Time "19:01:35"]
[TimeControl "180+0"]

1. e4 c5 2. Nf3 d6 3. d4 cxd4 4. Nxd4 a6 5. Nc3 Nf6 6. h3 e6 7. g4 h6 8. Bg2
Be7 9. h4 Nfd7 10. Nf3 Nc6 11. Bf4 Nde5 12. Nxe5 dxe5 13. Qxd8+ Kxd8 14. Bg3
Kc7 15. O-O-O b5 16. Nd5+ exd5 17. exd5 Bd6 18. dxc6 Bxg4 19. Rde1 Rae8 20.
Rhg1 g6 21. Bd5 Be6 22. Bh1 Bf5 23. f3 Kxc6 24. h5 Kb6 25. Bf2+ Bc5 26.
Bxc5+ Kxc5 27. Re2 g5 28. Rge1 f6 29. a3 Rd8 30. b4+ Kb6 31. Kb2 Rd4 32. Rh2
Rhd8 33. Kc3 Rc4+ 34. Kb2 Rdc8 35. Rc1 Rc3 36. Rd2 R3c4 37. Rd6+ R8c6 38.
Rd8 Rxc2+ 39. Rxc2 Rxc2+ 40. Kb3 Rh2 41. Rd6+ Kc7 42. Rxf6 Bd7 43. f4 Rxh1
44. fxe5 Rxh5 45. e6 Be8 46. Rf8 Bc6 47. e7 Rh3+ 48. Kc2 Re3 49. Rf7 Kd6 50.
Rf6+ Re6 51. Rf2 Kxe7 52. Kd3 h5 53. Kd4 g4 54. Rf5 h4 55. Rh5 h3 56. Rh7+
Kf6 57. Rh8 Kg5 58. Kc5 Bf3 59. Rg8+ Kf4 60. a4 bxa4 61. Rf8+ Kg3 62. Rd8 h2
63. Rd3 h1=Q 64. Rc3 Qg1+ 65. Kc4 Rc6+ 66. Kd3 Rxc3+ 67. Kxc3 Qe3+ 68. Kc4
Qb3+ 69. Kc5 a3 70. Kb6 Qxb4+ 71. Ka7 a2 72. Kxa6 a1=Q# {White checkmated}
0-1

[Event "ICCopen2017"]
[Site "Internet Chess Club"]
[Date "2017.03.26"]
[Round "1"]
[White "JaqueMateus1"]
[Black "fisherino"]
[Result "1-0"]
[ICCResult "Black resigns"]
[WhiteElo "2349"]
[BlackElo "1585"]
[Opening "Sicilian: Najdorf, Adams attack"]
[ECO "B90"]
[NIC "SI.14"]
[Time "19:02:40"]
[TimeControl "180+0"]

1. e4 c5 2. Nf3 d6 3. d4 cxd4 4. Nxd4 Nf6 5. Nc3 a6 6. Be3 Ng4 7. Bc1 Nf6 8.
Be3 Ng4 9. Bc1 Nf6 10. h3 e6 11. g4 d5 12. Bg2 dxe4 13. Nxe4 Nxe4 14. Bxe4
Bc5 15. Be3 O-O 16. O-O Bxd4 17. Qxd4 Qxd4 18. Bxd4 Nc6 19. Bb6 f5 20. gxf5
exf5 21. Bd5+ Kh8 22. Rfe1 Bd7 23. Rad1 Rae8 24. c4 Rxe1+ 25. Rxe1 Re8 26.
Rxe8+ Bxe8 27. Be6 g6 28. b4 Kg7 29. a3 Kf6 30. Bc8 Ne5 31. Bd4 Bc6 32. f4
h6 33. Bxe5+ Kf7 34. h4 Be4 35. Kf2 Ke7 36. Ke3 Kd8 37. Be6 Ke7 38. Bd5 Bc2
39. Bxb7 {Black resigns} 1-0

[Event "ICCopen2017"]
[Site "Internet Chess Club"]
[Date "2017.03.26"]
[Round "1"]
[White "mrneale"]
[Black "fletcherdavid"]
[Result "0-1"]
[ICCResult "White resigns"]
[WhiteElo "1111"]
[BlackElo "1870"]
[Opening "Sicilian: Alapin's variation (2.c3)"]
[ECO "B22"]
[NIC "SI.46"]
[Time "19:02:31"]
[TimeControl "180+0"]

1. e4 c5 2. c3 e5 3. d4 cxd4 4. cxd4 exd4 5. Qxd4 Nc6 6. Qe3 Bb4+ 7. Bd2 Qa5
8. Nc3 Nge7 9. Nf3 O-O 10. Be2 Bc5 11. Qf4 Ng6 12. Qg3 Qd8 13. O-O d6 14.
Nd5 Be6 15. a3 Bxd5 16. exd5 Nd4 17. Nxd4 Bxd4 18. Bc3 Bxc3 19. bxc3 Rc8 20.
c4 Re8 21. Bd3 Ne5 22. Be2 Qf6 23. Rab1 b6 24. a4 Nxc4 25. Bxc4 Rxc4 26. Ra1
h5 27. a5 Rg4 28. Qd3 Qg6 29. g3 Qxd3 {White resigns} 0-1

[Event "ICCopen2017"]
[Site "Internet Chess Club"]
[Date "2017.03.26"]
[Round "1"]
[White "Butters"]
[Black "marwan100"]
[Result "1-0"]
[ICCResult "Black forfeits on time"]
[WhiteElo "2498"]
[BlackElo "1678"]
[Opening "French: Tarrasch, closed variation"]
[ECO "C05"]
[NIC "FR.16"]
[Time "19:02:25"]
[TimeControl "180+0"]

1. d4 e6 2. e4 d5 3. Nd2 Nf6 4. e5 Nfd7 5. f4 c5 6. c3 Nc6 7. Ndf3 cxd4 8.
cxd4 Qb6 9. g3 Bb4+ 10. Kf2 O-O 11. Kg2 f6 12. Bd3 f5 13. Ne2 Ne7 14. Rg1
Ng6 15. Kh1 Be7 16. h4 h5 17. Ng5 Bxg5 18. hxg5 Kf7 19. Kg2 h4 20. g4 h3+
21. Kxh3 Rh8+ 22. Kg3 fxg4 23. Bxg6+ Kxg6 24. Qc2+ Kf7 25. f5 Nf8 26. g6+
Ke7 27. f6+ gxf6 28. g7 Rh3+ 29. Kxg4 Rh2 30. exf6+ Kf7 31. Kf3 e5 32. g8=Q+
{Black forfeits on time}
1-0

[Event "ICCopen2017"]
[Site "Internet Chess Club"]
[Date "2017.03.26"]
[Round "1"]
[White "Trentosk"]
[Black "MAU"]
[Result "1-0"]
[ICCResult "Black checkmated"]
[WhiteElo "2546"]
[BlackElo "1707"]
[Opening "French: Tarrasch, closed variation"]
[ECO "C05"]
[NIC "FR.17"]
[Time "19:01:52"]
[TimeControl "180+0"]

1. e4 e6 2. d4 d5 3. Nd2 Nf6 4. e5 Nfd7 5. c3 c5 6. Bd3 Nc6 7. Ngf3 h6 8.
O-O a6 9. Re1 b5 10. Nf1 c4 11. Bc2 a5 12. Ng3 g6 13. a3 a4 14. h4 Na5 15.
h5 g5 16. Nh2 Nb3 17. Rb1 Ba6 18. Ng4 Bg7 19. Be3 Qe7 20. Qf3 O-O-O 21. Qe2
Kb7 22. Rf1 Rdf8 23. Rbe1 Ka7 24. f4 gxf4 25. Rxf4 f6 26. Ref1 f5 27. Nf2
Rfg8 28. Qf3 Qf7 29. Nxf5 exf5 30. Bxf5 Nf8 31. e6 Nxe6 32. Qxd5 Rf8 33.
Bxe6 Qc7 34. Ne4 Bb7 35. Qxb5 Rxf4 36. Bxf4 Qc6 37. Qxc6 Bxc6 38. d5 Bb7 39.
Be3+ Ka8 40. Rf7 Be5 41. Nc5 Nxc5 42. Bxc5 Rg8 43. Rxb7 Rxg2+ 44. Kxg2 Kxb7
45. Be3 Bg7 46. Bf4 Bf8 47. Kf3 Be7 48. Ke4 Bc5 49. Kf5 Bf8 50. Kg6 Bxa3 51.
bxa3 Kb6 52. d6 Kc6 53. d7 Kc5 54. d8=Q Kc6 55. Qd7+ Kc5 56. Be3#
{Black checkmated}
1-0

[Event "ICCopen2017"]
[Site "Internet Chess Club"]
[Date "2017.03.26"]
[Round "1"]
[White "BoldPlan"]
[Black "Shadeath"]
[Result "0-1"]
[ICCResult "White resigns"]
[WhiteElo "1811"]
[BlackElo "2816"]
[Opening "Caro-Kann: closed (Breyer) variation"]
[ECO "B10"]
[NIC "CK.01"]
[Time "19:02:03"]
[TimeControl "180+0"]

1. e4 c6 2. d3 d5 3. Nd2 e5 4. Ngf3 Bd6 5. d4 exd4 6. Bd3 dxe4 7. Nxe4 Bb4+
8. Bd2 Bxd2+ 9. Qxd2 Nf6 10. Nxf6+ Qxf6 11. O-O-O O-O 12. Nxd4 c5 13. Nb5
Nc6 14. Nc7 Rb8 15. Nd5 Qh4 16. f4 Bg4 17. Rde1 Rbd8 18. g3 Qh6 19. c4 Bf3
20. Rhf1 Bxd5 21. cxd5 Nb4 22. a3 Nxd5 23. Re5 c4 24. Bxc4 Nb6 25. Bd3 Nc4
26. Qe2 Nxe5 27. Qxe5 Rxd3 {White resigns} 0-1

[Event "ICCopen2017"]
[Site "Internet Chess Club"]
[Date "2017.03.26"]
[Round "1"]
[White "nurmi"]
[Black "GYMEJR"]
[Result "1-0"]
[ICCResult "Black forfeits on time"]
[WhiteElo "2305"]
[BlackElo "1568"]
[Opening "English opening"]
[ECO "A21"]
[NIC "EO.23"]
[Time "19:01:38"]
[TimeControl "180+0"]

1. c4 e5 2. Nc3 Bc5 3. g3 d6 4. Bg2 c6 5. e3 a5 6. Nge2 Ba7 7. d4 Nd7 8. b3
Ngf6 9. Bb2 O-O 10. h3 Qc7 11. g4 h6 12. O-O Nh7 13. Ng3 Ndf6 14. Qd2 Ng5
15. f4 exf4 16. exf4 Nxh3+ 17. Bxh3 Bxg4 18. Bg2 h5 19. Nge4 Nxe4 20. Nxe4
h4 21. Kh2 Rae8 22. Rae1 d5 23. cxd5 cxd5 24. Ng5 Qd8 25. Ba3 Bb8 26. Nh3
Rxe1 27. Rxe1 Re8 28. Bc1 f5 29. Kh1 Bxh3 30. Bxh3 g6 31. Bg2 Kf7 32. Rxe8
Qxe8 33. Bxd5+ Kg7 34. Qe3 Qb5 35. Bc4 Qd7 36. d5 Qd6 37. Bb2+ Kh7 38. Be5
Qb4 39. Bxb8 Qe1+ 40. Qxe1 {Black forfeits on time} 1-0

[Event "ICCopen2017"]
[Site "Internet Chess Club"]
[Date "2017.03.26"]
[Round "1"]
[White "Mephisto521"]
[Black "Aladdin"]
[Result "0-1"]
[ICCResult "White resigns"]
[WhiteElo "1576"]
[BlackElo "2303"]
[Opening "Nimzo-Indian defense"]
[ECO "E20"]
[NIC "NI.30"]
[Time "19:03:37"]
[TimeControl "180+0"]

1. d4 Nf6 2. c4 e6 3. Nc3 Bb4 4. Bd2 O-O 5. a3 Bxc3 6. Bxc3 d5 7. Qc2 Ne4 8.
e3 Nxc3 9. Qxc3 b6 10. Nf3 Bb7 11. c5 c6 12. b4 b5 13. a4 a6 14. a5 Nd7 15.
Bd3 f6 16. e4 Re8 17. e5 Nf8 18. Qc2 Bc8 19. O-O-O Qe7 20. h4 Bd7 21. g4 Qf7
22. g5 f5 23. h5 Re7 24. h6 gxh6 25. Rxh6 Qg7 26. Rdh1 Be8 27. Bxf5 exf5 28.
Qxf5 Bg6 29. Qf6 Rf7 30. Qxg7+ Kxg7 31. R1h3 Ne6 32. Kd2 Raf8 33. Ke3 Rxf3+
34. Rxf3 Rxf3+ 35. Kxf3 Nxg5+ 36. Kg4 Kxh6 37. f4 Ne6 38. f5 Nxd4 39. fxg6
Kxg6 {White resigns} 0-1

[Event "ICCopen2017"]
[Site "Internet Chess Club"]
[Date "2017.03.26"]
[Round "1"]
[White "ComeonJimtal"]
[Black "ibarra"]
[Result "0-1"]
[ICCResult "White resigns"]
[WhiteElo "1773"]
[BlackElo "2762"]
[Opening "Sicilian: wing gambit, Marshall variation"]
[ECO "B20"]
[NIC "SI.48"]
[Time "19:02:03"]
[TimeControl "180+0"]

1. e4 c5 2. b4 cxb4 3. a3 d5 4. e5 Nc6 5. d4 Bf5 6. Nf3 e6 7. axb4 Nxb4 8.
Bb5+ Nc6 9. c3 Ne7 10. Nh4 a6 11. Nxf5 Nxf5 12. Bd3 g6 13. Nd2 Be7 14. Nf3
O-O 15. g3 b5 16. h4 h5 17. Bxf5 exf5 18. Qd2 Re8 19. e6 Bf8 20. O-O Rxe6
21. Ng5 Re8 22. Ba3 Bh6 23. Bc5 Na5 24. Qa2 Nc4 25. Nf3 f4 26. Ne5 Nxe5 27.
dxe5 Rxe5 28. Bd4 Re4 29. f3 Rxd4 30. cxd4 fxg3 31. Kg2 Qxh4 32. Rh1 Qxd4
33. Rad1 Qc4 34. Qb2 Re8 35. Rhe1 Rxe1 36. Rxe1 Bg7 37. Re8+ Kh7 38. Qd2 Qh4
39. Kg1 Bd4+ 40. Kf1 Qh1+ 41. Ke2 Qg2+ 42. Kd3 Qxd2+ 43. Kxd2 g2 44. Re1
g1=Q 45. Rxg1 Bxg1 {White resigns} 0-1

[Event "ICCopen2017"]
[Site "Internet Chess Club"]
[Date "2017.03.26"]
[Round "1"]
[White "Massada"]
[Black "Mercury"]
[Result "0-1"]
[ICCResult "White forfeits on time"]
[WhiteElo "1516"]
[BlackElo "2160"]
[Opening "Sicilian defense"]
[ECO "B44"]
[NIC "SI.39"]
[Time "19:01:29"]
[TimeControl "180+0"]

1. e4 c5 2. Nf3 e6 3. d4 cxd4 4. Nxd4 Nc6 5. c4 Nf6 6. Nc3 Bb4 7. Nb5 Nxe4
8. Bd2 Nxd2 9. Qxd2 O-O 10. a3 Bxc3 11. Qxc3 d5 12. Rd1 a6 13. Nd4 e5 14.
Nxc6 bxc6 15. Be2 d4 16. Qg3 Qe7 17. O-O c5 18. Bf3 Rb8 19. Rfe1 f6 20. b4
Be6 21. Bd5 cxb4 22. Rxd4 bxa3 23. Rd3 a2 24. Rdd1 Rb2 25. Qc3 Rfb8 26. c5
Bxd5 27. Rxd5 Rb1 28. Rdd1 a1=Q 29. Qxa1 Rxa1 30. Rxa1 Qxc5 31. h3 Rb2 32.
Rf1 a5 33. Ra4 Rb4 34. Ra3 a4 35. Kh2 Qb5 36. Rfa1 Rc4 {White forfeits on
time} 0-1

[Event "ICCopen2017"]
[Site "Internet Chess Club"]
[Date "2017.03.26"]
[Round "1"]
[White "cheslikeyomama"]
[Black "Buscapina"]
[Result "0-1"]
[ICCResult "White resigns"]
[WhiteElo "1527"]
[BlackElo "2196"]
[Opening "Queen's pawn"]
[ECO "A40"]
[NIC "QO.17"]
[Time "19:03:26"]
[TimeControl "180+0"]

1. d4 e6 2. e3 d5 3. f4 f5 4. Nf3 Nf6 5. Bd3 Ne4 6. c3 c6 7. O-O Be7 8. Ne5
O-O 9. g4 Nd7 10. Qf3 Nxe5 11. fxe5 fxg4 12. Qxg4 Rxf1+ 13. Bxf1 Qf8 14. Qg2
Bd7 15. Nd2 Nxd2 16. Bxd2 Be8 17. e4 Bg6 18. Bd3 c5 19. Rf1 Qd8 20. Qg4 Qd7
21. Qg3 cxd4 22. cxd4 dxe4 23. Bc2 Qxd4+ 24. Qe3 Qxe5 25. Bc3 Qd5 26. Qd4
Bc5 27. Rd1 Bxd4+ 28. Rxd4 Qg5+ {White resigns} 0-1

[Event "ICCopen2017"]
[Site "Internet Chess Club"]
[Date "2017.03.26"]
[Round "1"]
[White "Magagna"]
[Black "unkavalo"]
[Result "0-1"]
[ICCResult "White resigns"]
[WhiteElo "1643"]
[BlackElo "2447"]
[Opening "Queen's pawn game"]
[ECO "A46"]
[NIC "QP.05"]
[Time "19:02:04"]
[TimeControl "180+0"]

1. d4 Nf6 2. Nf3 e6 3. Bf4 c5 4. e3 Qb6 5. Nbd2 Qxb2 6. Rb1 Qxa2 7. Bc4 Qa5
8. O-O d5 9. Be2 Nc6 10. Nb3 Qd8 11. Nxc5 Bxc5 12. dxc5 O-O 13. Re1 Ne4 14.
Qd3 Nxc5 15. Qa3 Ne4 16. Ne5 Nxe5 17. Bxe5 f6 18. Bd4 Qd6 19. Qxd6 Nxd6 20.
Bc5 Rd8 21. Rb3 b6 22. Bxd6 Rxd6 23. Rd1 Bb7 24. c4 Rad8 25. c5 Rc6 26. cxb6
Rxb6 27. Rdb1 Rdd6 28. Rxb6 Rxb6 29. Rxb6 axb6 30. Bb5 Kf8 31. Kf1 Ke7 32.
Ke2 Kd6 33. Kd3 Kc5 34. Bd7 e5 35. Ba4 Ba6+ 36. Kc3 d4+ 37. exd4+ exd4+ 38.
Kd2 Bb7 39. g3 b5 40. Bc2 h6 41. f4 b4 42. h4 Bd5 43. g4 b3 44. Bb1 Bc4 45.
g5 Kb4 46. gxf6 gxf6 47. h5 Ka3 48. Be4 Kb2 49. f5 Ka1 50. Ke1 b2 51. Kf2 d3
{White resigns}
0-1

[Event "ICCopen2017"]
[Site "Internet Chess Club"]
[Date "2017.03.26"]
[Round "1"]
[White "TricksOnly"]
[Black "hecan58"]
[Result "1-0"]
[ICCResult "Black forfeits on time"]
[WhiteElo "2210"]
[BlackElo "1545"]
[Opening "Scandinavian defense"]
[ECO "B01"]
[NIC "SD.03"]
[Time "19:01:29"]
[TimeControl "180+0"]

1. e4 d5 2. exd5 Nf6 3. Nf3 Bg4 4. Bb5+ Nbd7 5. Nc3 a6 6. Bc4 Nb6 7. Bb3
Nfxd5 8. Ne4 e6 9. Ng3 Be7 10. h3 Bxf3 11. Qxf3 O-O 12. O-O c5 13. d3 Rc8
14. Ne4 c4 15. dxc4 Nxc4 16. Rd1 Qc7 17. Nd2 b5 18. a4 Bf6 19. axb5 axb5 20.
c3 Ne5 21. Qg3 b4 22. Ne4 Be7 23. Bxd5 exd5 24. Rxd5 f6 25. Bf4 Qc4 26. Rd4
Qe2 27. Bxe5 fxe5 28. Qxe5 Rce8 29. Qd5+ Kh8 30. Rd2 Rd8 31. Qxd8 Qxe4 32.
Qd3 Qe6 33. Re2 Qf7 34. Rae1 bxc3 35. Rxe7 Qxf2+ 36. Kh1 cxb2 37. Re8 Qf6
38. Rxf8+ Qxf8 39. Qc2 h6 40. Qxb2 Qf4 41. Qe2 Kh7 42. Rf1 Qg5 43. Qe4+ Qg6
44. Qxg6+ Kxg6 45. Kg1 Kg5 46. Rf2 h5 47. Rf3 Kg6 48. Kf2 Kh6 49. Rc3 Kh7
50. Rc6 g6 51. Kf3 Kh6 52. Kf4 {Black forfeits on time} 1-0

[Event "ICCopen2017"]
[Site "Internet Chess Club"]
[Date "2017.03.26"]
[Round "1"]
[White "Seraphim"]
[Black "hipopotamos"]
[Result "1-0"]
[ICCResult "Black checkmated"]
[WhiteElo "1872"]
[BlackElo "1149"]
[Opening "Ruy Lopez: old Steinitz defense"]
[ECO "C62"]
[NIC "RL.02"]
[Time "19:02:40"]
[TimeControl "180+0"]

1. e4 e5 2. Nf3 Nc6 3. Bb5 d6 4. O-O Bg4 5. c3 Nf6 6. d3 Be7 7. h3 Bh5 8.
Nbd2 O-O 9. Re1 Qd7 10. Nf1 h6 11. Ng3 Bg6 12. d4 Nh5 13. Nxh5 Bxh5 14. d5
f5 15. dxc6 bxc6 16. Bc4+ Kh8 17. Nxe5 Bxd1 18. Nxd7 Rfd8 19. Rxd1 Rxd7 20.
Be6 Rdd8 21. Bxf5 Rf8 22. Be3 Rf7 23. Rd4 Raf8 24. Ra4 d5 25. Rxa7 dxe4 26.
Bxe4 Bf6 27. Bxc6 Re7 28. Rd1 Rb8 29. Bc1 Re2 30. Bf3 Re5 31. Rxc7 Bd8 32.
Rcd7 Bf6 33. a4 Kh7 34. b4 Rbe8 35. Be3 Bg5 36. Bxg5 hxg5 37. a5 Rb5 38.
R1d5 Re1+ 39. Kh2 Ra1 40. Rxb5 Kh6 41. Rb6+ g6 42. Rb8 Rh1+ 43. Kxh1 g4 44.
h4 g3 45. Rh8# {Black checkmated} 1-0

[Event "ICCopen2017"]
[Site "Internet Chess Club"]
[Date "2017.03.26"]
[Round "1"]
[White "blackjack721"]
[Black "Eigeneier"]
[Result "0-1"]
[ICCResult "White forfeits on time"]
[WhiteElo "1239"]
[BlackElo "1917"]
[Opening "Sicilian: Alapin's variation (2.c3)"]
[ECO "B22"]
[NIC "SI.46"]
[Time "19:01:53"]
[TimeControl "180+0"]

1. e4 c5 2. c3 d5 3. e5 d4 4. Bc4 Nc6 5. Nf3 Bg4 6. a4 Nxe5 7. Bb5+ Nd7 8.
cxd4 cxd4 9. h3 Bxf3 10. Qxf3 Qc7 11. Na3 Nf6 12. Bc4 e6 13. d3 Bd6 14. Nb5
Qb8 15. Nxd6+ Qxd6 16. Qxb7 O-O 17. Bd2 Qe5+ 18. Kd1 Rab8 19. Qxa7 Rxb2 20.
Re1 Qf5 21. f3 Rfb8 22. Qxd4 Nf8 23. Re5 Qg6 24. g4 N6d7 25. Rg5 Qh6 26. Bf4
e5 27. Rxe5 Qc6 28. Rg5 Qxf3+ {White forfeits on time} 0-1

[Event "ICCopen2017"]
[Site "Internet Chess Club"]
[Date "2017.03.26"]
[Round "1"]
[White "GranTorre"]
[Black "jncool68"]
[Result "0-1"]
[ICCResult "White checkmated"]
[WhiteElo "1860"]
[BlackElo "2846"]
[Opening "QGD Slav: 4.Nc3"]
[ECO "D15"]
[NIC "SL.03"]
[Time "19:01:43"]
[TimeControl "180+0"]

1. Nf3 d5 2. d4 Nf6 3. c4 c6 4. Nc3 a6 5. g3 g6 6. Bg2 Bg7 7. O-O O-O 8. b3
b5 9. Bb2 Nbd7 10. Qd3 Bb7 11. c5 a5 12. a3 b4 13. axb4 axb4 14. Na4 Ba6 15.
Qc2 Bb5 16. Rfe1 Qc7 17. e3 Rfe8 18. Bf1 Qb7 19. Bd3 Bxd3 20. Qxd3 Ne4 21.
Nd2 f5 22. f3 Nxd2 23. Qxd2 e5 24. Ra2 Re7 25. Rea1 Rae8 26. dxe5 Nxe5 27.
Kg2 Nd7 28. Re1 Qb5 29. Bxg7 Rxg7 30. Qd4 Rge7 31. Kf2 Ne5 32. Rd2 Nd7 33.
h4 h5 34. Rc2 Kf7 35. Qf4 Nf8 36. g4 Qd3 37. Rce2 Ne6 38. Qd6 fxg4 39. fxg4
hxg4 40. Nb6 Ng7 41. Kg2 Nf5 42. Rf2 Kg7 43. Qf4 Rxe3 44. h5 Rg3+ 45. Kh1
Rxe1+ 46. Kh2 Rh3+ 47. Kg2 Nh4# {White checkmated} 0-1

[Event "ICCopen2017"]
[Site "Internet Chess Club"]
[Date "2017.03.26"]
[Round "1"]
[White "KH"]
[Black "AstonRoberts"]
[Result "1-0"]
[ICCResult "Black checkmated"]
[WhiteElo "2054"]
[BlackElo "1480"]
[Opening "Bird's opening"]
[ECO "A03"]
[NIC "VO.07"]
[Time "19:03:38"]
[TimeControl "180+0"]

1. f4 d5 2. Nf3 Nc6 3. e3 Bf5 4. Bb5 e6 5. c4 Ne7 6. Nd4 a6 7. Bxc6+ Nxc6 8.
Nxf5 exf5 9. Qc2 g6 10. cxd5 Qxd5 11. d4 Bg7 12. Nc3 Qd6 13. O-O O-O 14. b3
Rad8 15. Bb2 f6 16. Rad1 Rfe8 17. Rfe1 g5 18. g3 gxf4 19. gxf4 Re7 20. Qxf5
Bh6 21. Kf2 Rg7 22. Ne4 Qe7 23. Nxf6+ Kf8 24. d5 Nb4 25. Nxh7+ Kg8 26. Bxg7
Kxg7 27. Rg1+ Kh8 28. Nf6 Rf8 29. Rg6 Bg7 30. Qh5+ Bh6 31. Qxh6+ Qh7 32.
Qxh7# {Black checkmated} 1-0

[Event "ICCopen2017"]
[Site "Internet Chess Club"]
[Date "2017.03.26"]
[Round "1"]
[White "Soulbrother"]
[Black "MDRAFE3"]
[Result "0-1"]
[ICCResult "White forfeits on time"]
[WhiteElo "1355"]
[BlackElo "1961"]
[Opening "Sicilian defense"]
[ECO "B40"]
[NIC "SI.43"]
[Time "19:01:59"]
[TimeControl "180+0"]

1. e4 c5 2. Nf3 e6 3. d3 d5 4. Be2 Nc6 5. e5 Qc7 6. Bf4 f6 7. Qd2 fxe5 8.
Bg5 Be7 9. Nh4 Nf6 10. Bxf6 Bxf6 11. Nf3 O-O 12. O-O Nd4 13. Nxd4 exd4 14.
Na3 e5 15. Bf3 Be6 16. Nb5 Qd7 17. a4 a6 18. Na3 Be7 19. b3 Bd6 20. Rfe1 Qf7
21. Qd1 Qg6 22. g3 Qf6 23. Bg2 Qxf2+ 24. Kh1 Qf6 25. Rf1 Qh6 26. Rxf8+ Rxf8
27. Qe2 e4 28. Rf1 Rxf1+ 29. Qxf1 Bxg3 30. h3 e3 31. c4 Qf4 32. Qe2 Qf2 33.
Qf3 Qxf3 34. Bxf3 dxc4 35. Nxc4 b5 36. axb5 axb5 37. Na5 Bf5 38. Bd5+ Kh8
39. Nc6 e2 40. Ne7 e1=Q+ {White forfeits on time} 0-1

[Event "ICCopen2017"]
[Site "Internet Chess Club"]
[Date "2017.03.26"]
[Round "1"]
[White "Nc3-4Me"]
[Black "charlestehace"]
[Result "0-1"]
[ICCResult "White forfeits on time"]
[WhiteElo "1823"]
[BlackElo "2951"]
[Opening "Dunst (Sleipner, Heinrichsen) opening"]
[ECO "A00"]
[NIC "VO.15"]
[Time "19:02:23"]
[TimeControl "180+0"]

1. Nc3 d5 2. e4 dxe4 3. Nxe4 Nf6 4. Nxf6+ exf6 5. Bc4 Bd6 6. Nf3 O-O 7. O-O
Nd7 8. d4 c6 9. Bd3 g6 10. Bh6 Re8 11. Re1 Rxe1+ 12. Qxe1 Nf8 13. h3 Ne6 14.
c4 Bd7 15. c5 Bc7 16. b4 Nf4 17. Bxf4 Bxf4 18. Qe4 Bf5 19. Qxf4 Bxd3 20. Re1
Bc4 21. a3 Qd7 22. Qd6 Qxd6 23. cxd6 Be6 24. b5 Rd8 25. bxc6 bxc6 26. Rb1
Rxd6 27. Rb8+ Kg7 28. Rb7 Rd7 29. Rb4 Bd5 30. Ne1 Re7 31. Nd3 Re2 32. Nf4
Re1+ 33. Kh2 Rd1 34. Nxd5 cxd5 35. a4 Ra1 36. Kg3 Ra2 37. Kf3 h5 38. Ke3 h4
39. g3 Ra3+ 40. Kf4 Ra2 41. gxh4 Rxf2+ 42. Kg3 Rd2 43. Rb7 Rxd4 44. Rxa7 f5
45. a5 Ra4 46. a6 Kf6 47. h5 gxh5 48. h4 f4+ 49. Kf3 Ke5 50. Rxf7 Ra3+ 51.
Kf2 Rxa6 52. Re7+ Kf5 53. Rh7 Kg4 54. Rg7+ Kxh4 55. Kf3 Rf6
{White forfeits on time}
0-1